 Dungeon Crawl Stone Soup version 0.29-a0-982-gaed3a0c8d8 (webtiles) character file.

Game seed: 13864404565757476523

41 MisterAzrael the Slasher (level 3, 0/31 HPs)
             Began as a Minotaur Fighter on Aug 1, 2022.
             Frozen to death by an endoplasm (1 damage)
             ... on level 2 of the Dungeon.
             The game lasted 00:00:53 (1009 turns).

MisterAzrael the Slasher (Minotaur Fighter)         Turns: 1009, Time: 00:00:53

Health: 0/31       AC: 11    Str: 22    XL:     3   Next: 32%
Magic:  2/2        EV:  6    Int:  5    God:
Gold:   82         SH:  4    Dex:  9    Spells: 2/2 levels left

rFire   . . .      SeeInvis .   a - +0 long sword
rCold   . . .      Faith    .   c - +0 buckler
rNeg    . . .      Spirit   .   f - +0 plate armour
rPois   .          Reflect  .   (helmet restricted)
rElec   .          Harm     .   (no cloak)
rCorr   .          Rampage  .   (no gloves)
Will    .....                   (no boots)
Stlth   ..........              (no amulet)
HPRegen 0.10/turn               (no ring)
MPRegen 0.08/turn               (no ring)

@: mighty
A: horns 2, retaliatory headbutt
a: no special abilities


You were on level 2 of the Dungeon.
You visited 1 branch of the dungeon, and saw 2 of its levels.

You collected 82 gold pieces.

Inventory:

Hand Weapons
 a - a +0 long sword (weapon)
Armour
 b - a +0 scale mail
 c - a +0 buckler (worn)
 f - a +0 plate armour (worn)
Scrolls
 e - 2 scrolls of identify {unknown}
 g - a scroll of torment {unknown}
 i - a scroll of noise {unknown}
 j - a scroll of fear {unknown}
 l - a scroll of blinking {unknown}
Potions
 h - a potion of degeneration {unknown}
 k - a potion of haste {unknown}


   Skills:
 - Level 3.6 Fighting
 + Level 4.6 Long Blades
 - Level 3.6 Armour
 - Level 3.6 Shields


You had 2 spell levels left.
You didn't know any spells.
Your spell library was empty.

Dungeon Overview and Level Annotations

Branches:
Dungeon (2/15)

Altars:


Innate Abilities, Weirdness & Mutations

You have a pair of horns on your head.
You reflexively headbutt those who attack you in melee.


Message History

You are frozen.
The adder barely misses you. The endoplasm hits you.
* * * LOW HITPOINT WARNING * * *
You closely miss the adder.
The adder is heavily wounded.
The adder bites you but does no damage. The endoplasm freezes you.
You are frozen.
* * * LOW HITPOINT WARNING * * *
The adder bites you but does no damage.
You hit the adder but do no damage.
The adder is heavily wounded.
You block the adder's attack.
The endoplasm hits you but does no damage.
You closely miss the adder.
The adder is heavily wounded.
You block the adder's attack.
The endoplasm hits you but does no damage.
You block the adder's attack.
You hit the adder.
The adder is almost dead.
The endoplasm freezes you.
You are frozen.
* * * LOW HITPOINT WARNING * * *
The adder bites you but does no damage.
You feel very mighty all of a sudden. The adder bites you but does no damage.
The endoplasm hits you but does no damage.
The adder barely misses you.
You closely miss the adder.
The adder is almost dead.
You block the endoplasm's attack. The adder bites you but does no damage.
The endoplasm barely misses you.
You slash the adder!
You kill the adder!
The endoplasm freezes you.
You are frozen.
* * * LOW HITPOINT WARNING * * *
The endoplasm freezes you.
You are frozen.
You die...

#........##
#.......?.# #.#
#.......#.###.#
#.......#†.##.#
#....$..##.##.#
##########.##.#
#..#.# ##.#J#
#..@# ##..#
...>...
......##.#
#....... ..
####.##.. .. #.
... . ## ....


You could see an endoplasm.

Vanquished Creatures
  2 adders (D:2)
  2 worms (D:2)
  2 dart slugs (D:2)
  An endoplasm (D:2)
  A goblin (D:1)
  A hobgoblin (D:2)
  A quokka (D:2)
  A ball python (D:1)
  2 bats (D:1)
  A kobold (D:1)
  3 rats (D:1)
17 creatures vanquished.

Notes
Turn   | Place    | Note
-------+----------+-------------------------------------------
     0 | D:1      | MisterAzrael the Minotaur Fighter began the quest for the
                  | Orb.
     0 | D:1      | Reached XP level 1. HP: 19/19 MP: 0/0
   436 | D:1      | Reached skill level 3 in Long Blades
   656 | D:2      | Reached XP level 2. HP: 25/26 MP: 1/1
   679 | D:2      | Reached skill level 4 in Long Blades
   946 | D:2      | Reached XP level 3. HP: 17/31 MP: 2/2
  1008 | D:2      | HP: 1/31 [frozen (2)]
  1009 | D:2      | Frozen to death by an endoplasm

Illustrated notes

Levels and vault maps discovered:
D:1:      giann_horns, layout_rooms, minmay_heptomino_l4
D:2:      layout_basic

Skill      XL: |  1  2 |
---------------+-------+-----
Long Blades    | 3 4 |  4.6
Fighting       | |  3.6
Armour         | |  3.6
Shields        | |  3.6

Action                   || total
-------------------------++-------
Melee: Long sword        ||    57
       Headbutt          ||    10
  Use: Potion            ||     1
Armor: Plate armour      ||    40
Dodge: Dodged            ||    18
Block: Buckler           ||    10

Table legend: (Time is in decaauts)
 A = Elapsed time spent in this place.
 B = Non-inter-level travel time spent in this place.
 C = Inter-level travel time spent in this place.
 D = Time resting spent in this place.
 E = Time spent auto-exploring this place.
 F = Levels seen in this place.
 G = Mean time per level.
                   A        B        C        D        E       F      G
               +--------+--------+--------+--------+--------+-----+--------+
         Total |   1023 |    970 |     53 |    293 |    536 |   2 |  511.5 |
       Dungeon |   1023 |    970 |     53 |    293 |    536 |   2 |  511.5 |
               +--------+--------+--------+--------+--------+-----+--------+

Top non-repeatable levels by time:
     D:2: 522 daAuts
     D:1: 501 daAuts
